 Dungeon Crawl Stone Soup version 0.30-b1-2-g02819fbbbe (webtiles) character file.

Game seed: 15063962993404889706

4502 Ashen the Ogre Mage (level 10, -13/104 HPs)
             Began as an Ogre Summoner on Aug 22, 2023.
             Was a Believer of Sif Muna.
             Mangled by a bone dragon (18 damage)
             ... on level 2 of the Abyss.
             The game lasted 00:40:04 (10605 turns).

Ashen the Ogre Mage (Ogre Summoner)                Turns: 10605, Time: 00:40:04

Health: -13/104    AC:  5    Str: 14    XL:     10   Next: 38%
Magic:  21/21      EV: 16    Int: 20    God:    Sif Muna [**....]
Gold:   359        SH:  0    Dex:  9    Spells: 16/24 levels left

rFire   . . .        m - +6 club
rCold   . . .        (no shield)
rNeg    . . .        a - +0 robe
rPois   +            s - +2 hat
rElec   .            (no cloak)
rCorr   .            (gloves unavailable)
SInv    .            (boots unavailable)
Will    +....        (no amulet)
Stlth   +            g - ring of poison resistance
HPRegen 0.37/turn    c - +5 ring of evasion
MPRegen 0.17/turn

%: no passive effects
@: about to teleport
A: large, unfitting armour, tough skin 1
a: Renounce Religion, Channel Magic


You were on level 2 of the Abyss.
You worshipped Sif Muna.
Sif Muna was pleased with you.
You visited 2 branches of the dungeon, and saw 10 of its levels.
You visited the Abyss 1 time.
You also visited: Sewer.

You collected 359 gold pieces.

Inventory:

Hand Weapons
 m - a +6 club (weapon)
 t - a +0 giant spiked club
Armour
 a - a +0 robe (worn)
 s - a +2 hat (worn)
 E - +0 acid dragon scales
Jewellery
 c - a +5 ring of evasion (right hand)
 f - a ring of positive energy
 g - a ring of poison resistance (left hand)
 i - a ring of flight
 o - a +6 ring of strength
Wands
 h - a wand of iceblast (17)
 l - a wand of flame (28)
 z - a wand of polymorph (6)
 C - a wand of mindburst (3)
Scrolls
 e - 4 scrolls of identify
 p - 3 scrolls of noise
 u - 2 scrolls of fog
 y - a scroll of immolation {unknown}
 D - a scroll of brand weapon {unknown}
 F - 2 scrolls of enchant armour {unknown}
Potions
 b - 2 potions of magic
 d - a potion of attraction
 j - 2 potions of heal wounds
 k - a potion of cancellation
 n - 2 potions of degeneration {unknown}
 q - 2 potions of invisibility
 r - 7 potions of mutation
 v - 3 potions of resistance {unknown}
 w - 2 potions of haste
 x - 2 potions of might {unknown}
 A - 2 potions of berserk rage {unknown}
 B - a potion of curing
 H - a potion of lignification {unknown}


   Skills:
 + Level 7.9 Fighting
 + Level 6.6 Maces & Flails
 + Level 6.5 Dodging
 - Level 1.4 Stealth
 + Level 7.9 Spellcasting
 + Level 6.5 Summonings


You had 16 spell levels left.
You knew the following spells:

 Your Spells              Type           Power      Damage    Failure   Level
b - Call Imp              Summ           68%        N/A       1%          2
c - Call Canine Familiar  Summ           34%        N/A       1%          3
d - Summon Guardian Gole  Hex/Summ       21%        N/A       7%          3

Your spell library contained the following spells:

 Spells                   Type           Power      Damage    Failure   Level
 Summon Small Mammal      Summ           100%       N/A       1%          1
 Foxfire                  Conj/Fire      28%        2x1d5     9%          1
 Blink                    Tloc           14%        N/A       13%         2
 Ensorcelled Hibernation  Hex/Ice        14%        N/A       13%         2
 Passwall                 Tmut/Erth      5%         N/A       13%         2
 Sublimation of Blood     Necr           7%         N/A       13%         2
 Summon Lightning Spire   Summ/Air       21%        N/A       22%         4
 Inner Flame              Hex/Fire       7%         N/A       26%         3
 Swiftness                Air            7%         N/A       26%         3
 Manifold Assault         Tloc           7%         N/A       65%         4
 Petrify                  Tmut/Erth      7%         N/A       65%         4
 Fireball                 Conj/Fire      3%         3d4       94%         5
 Irradiate                Conj/Tmut      3%         3d12      94%         5
 Summon Hydra             Summ           17%        N/A       99%         7
 Storm Form               Tmut/Air       3%         N/A       100%        7


Dungeon Overview and Level Annotations

Branches:
Dungeon (9/15)             Temple (1/1) D:4           Sewer (visited)
   Lair: D:8-11         Orc: D:9-12

Altars:
Ashenzari
Cheibriados
Dithmenos
Elyvilon
Fedhas
Gozag
Hepliaklqana
Kikubaaqudgha
Makhleb
Nemelex Xobeh
Okawaru
Qazlal
Ru
Sif Muna
Trog
Uskayaw
Vehumet
Wu Jian
Xom
Yredelemnul
Zin
The Shining One

Shops:
D:4 (   D:5 [

Annotations:
D:3 Sigmund
D:4 3 runed translucent doors, Termiter's ghost, amateur DsNe
D:6 3 runed translucent doors, 0o0o's ghost, novice DjHW
D:9 1 runed translucent door, Erolcha; diceflayer's ghost, novice MiFi


Innate Abilities, Weirdness & Mutations

You are too large for most types of armour.
You have tough skin. (AC +1)


Message History

A bone dragon comes into view.
Press: ? - help, v - describe, . - travel
Here: a bone dragon The floor.
A raiju comes into view.
As you read the scroll of teleportation, it crumbles to dust.
You feel strangely unstable.
You feel the power of the Abyss delaying your translocation!
The bone dragon barely misses you. The bone dragon claws you!
The bone dragon tramples you.
You hold your ground!
You hit the bone dragon.
The bone dragon is lightly damaged.
The bone dragon barely misses you. The bone dragon claws you.
The bone dragon tramples you!
You hold your ground!
You hit the bone dragon but do no damage.
The bone dragon is lightly damaged.
The bone dragon bites you!!
* * * LOW HITPOINT WARNING * * *
The bone dragon claws you but does no damage.
The bone dragon misses you.
You barely miss the bone dragon.
The bone dragon is lightly damaged.
The bone dragon completely misses you. The bone dragon closely misses you.
The bone dragon tramples you!
* * * LOW HITPOINT WARNING * * *
You hold your ground!
You hit the bone dragon but do no damage.
The bone dragon misses you. The bone dragon claws you.
* * * LOW HITPOINT WARNING * * *
The bone dragon tramples you.
* * * LOW HITPOINT WARNING * * *
You hold your ground!
You hit the bone dragon.
The bone dragon is lightly damaged.
You hit the bone dragon.
The bone dragon is lightly damaged.
The bone dragon bites you.
* * * LOW HITPOINT WARNING * * *
The bone dragon claws you!!
You die...

##D. # ...
#.# .#.#
#.##.###
#..##.#
#.D#. #
#.#. ...
####.#.###.
#
#.D......#
..
#@#....#.#
#####.....
#..##. .#.#
.#.# . .


You could see a bone dragon.

Vanquished Creatures
  3 yaks
  A vampire mosquito (D:6)
  A black bear (D:5)
  An ice beast (D:4)
  A kobold brigand (D:8)
  A bullfrog (D:6)
  2 scorpions (D:6)
  3 jellies
  A hound (D:7)
  5 orc priests
  2 iguanas (D:5)
  An orc wizard (D:6)
  A gnoll (D:7)
  5 adders
  2 river rats
  2 white imps
  An ufetubus (D:4)
  4 worms
  4 dart slugs
  12 orcs
  2 ball pythons
  4 bats
  15 endoplasms
  4 giant cockroaches
  A goblin (D:3)
  2 hobgoblins
  4 kobolds
  2 quokkas (D:5)
  6 frilled lizards
  8 rats
101 creatures vanquished.

Vanquished Creatures (collateral kills)
  A wyvern (D:7)
  5 yaks
  An orc warrior (D:8)
  A black bear (D:4)
  A sky beast (D:6)
  3 ogres
  A bullfrog (D:8)
  A gnoll sergeant (D:7)
  3 scorpions
  3 wights (D:8)
  Dowan (D:7)
  2 hounds
  A jelly (Sewer)
  6 orc priests
  An iguana (D:7)
  Ijyb (D:3)
  Natasha (thrice) (D:3)
  2 orc wizards
  4 gnolls (D:7)
  7 adders
  A worm (D:2)
  A dart slug (D:2)
  8 orcs
  2 ball pythons
  An endoplasm (Sewer)
  A giant cockroach (Sewer)
  4 goblins (D:2)
  2 hobgoblins
  2 quokkas
  2 bats
  A kobold (D:8)
73 creatures vanquished.

Vanquished Creatures (others)
  An acid dragon (D:7)
  Duvessa (D:7)
  An orc warrior (D:7)
  A centaur (D:7)
  2 bullfrogs (D:7)
  A wight (D:7)
  A hobgoblin (D:4)
8 creatures vanquished.

Grand Total: 182 creatures vanquished

Notes
Turn   | Place    | Note
-------+----------+-------------------------------------------
     0 | D:1      | Ashen the Ogre Summoner began the quest for the Orb.
     0 | D:1      | Reached XP level 1. HP: 16/16 MP: 3/3
   667 | D:2      | Reached XP level 2. HP: 26/26 MP: 5/5
   670 | D:2      | Learned a level 2 spell: Call Imp
   703 | D:2      | Reached skill level 1 in Fighting
   918 | D:2      | Reached XP level 3. HP: 23/33 MP: 4/7
   993 | D:2      | Found a faded altar of an unknown god.
  1416 | D:2      | Learned a level 3 spell: Call Canine Familiar
  1417 | D:3      | Noticed Ijyb
  1440 | D:3      | Killed Ijyb
  1441 | D:3      | Reached XP level 4. HP: 21/42 MP: 1/8
  1583 | D:3      | Learned a level 3 spell: Summon Guardian Golem
  1827 | D:3      | Reached XP level 5. HP: 50/50 MP: 10/10
  1837 | D:3      | Found a blossoming altar of Fedhas.
  1946 | D:3      | Noticed Sigmund
  2010 | D:3      | Found a stormy altar of Qazlal.
  2047 | D:3      | Noticed Natasha
  2058 | D:3      | Killed Natasha
  2059 | D:3      | Reached skill level 1 in Maces & Flails
  2431 | D:3      | Noticed Natasha
  2436 | D:3      | Killed Natasha
  2463 | D:3      | Noticed Natasha
  2467 | D:3      | Killed Natasha
  2475 | D:4      | Noticed a black bear
  2550 | D:4      | Killed a black bear
  2551 | D:4      | Reached XP level 6. HP: 25/61 MP: 0/12
  2706 | D:4      | Found a runed translucent gate.
  2706 | D:4      | Found a runed translucent gate.
  2707 | D:4      | Found a runed translucent gate.
  2708 | D:4      | Noticed Termiter's ghost (amateur DsNe)
  3317 | D:4      | Reached XP level 7. HP: 65/68 MP: 13/13
  3685 | D:4      | Found Afigapp's Weapon Shop.
  3789 | D:4      | Found a staircase to the Ecumenical Temple.
  3798 | Temple   | Entered the Ecumenical Temple
  3983 | Temple   | Became a worshipper of Sif Muna the Loreminder
  4091 | D:5      | Entered Level 5 of the Dungeon
  4120 | D:5      | Reached skill level 5 in Summonings
  4242 | D:5      | Reached skill level 5 in Fighting
  4249 | D:5      | Reached skill level 5 in Spellcasting
  4249 | D:5      | Reached XP level 8. HP: 73/80 MP: 15/15
  4268 | D:5      | Found Sej Wise's Antique Armour Emporium.
  4448 | D:5      | Found a glowing drain.
  4474 | Sewer    | Entered a sewer
  4644 | Sewer    | Reached * piety under Sif Muna
  4743 | Sewer    | Identified the +6 spear of Pride {heavy, Int+2}
  4902 | Sewer    | Found a viscous altar of Jiyva.
  5379 | D:6      | Got the Exposition on the Gang and Hyperthermia
  5482 | D:6      | Noticed a yak
  5482 | D:6      | Noticed a yak
  5504 | D:6      | Killed a yak
  5505 | D:6      | Reached skill level 5 in Dodging
  5720 | D:6      | Noticed 0o0o's ghost (novice DjHW)
  5721 | D:6      | Noticed a troll
  5825 | D:6      | Found a runed translucent gate.
  5826 | D:6      | Found a runed translucent gate.
  6037 | D:6      | Reached skill level 5 in Maces & Flails
  6161 | D:6      | Found a runed translucent gate.
  6201 | D:6      | Noticed a yak
  6241 | D:5      | Killed a yak
  6242 | D:5      | Reached XP level 9. HP: 62/88 MP: 13/18
  7658 | D:7      | Reached ** piety under Sif Muna
  7845 | D:7      | Noticed Dowan
  7846 | D:7      | Noticed Duvessa
  8599 | D:7      | Killed Duvessa
  8620 | D:7      | Killed Dowan
  8621 | D:7      | Reached XP level 10. HP: 22/102 MP: 5/21
 10063 | D:9      | Found a runed translucent door.
 10064 | D:9      | Noticed diceflayer's ghost (novice MiFi)
 10522 | D:9      | Noticed Erolcha
 10545 | Abyss:2  | Cast into level 2 of the Abyss (Erolcha)
 10574 | Abyss:2  | Noticed a bone dragon
 10605 | Abyss:2  | HP: 5/104 [bone dragon (3)]
 10605 | Abyss:2  | Mangled by a bone dragon

Illustrated notes

Levels and vault maps discovered:
D:1:      wander_arrival_desolate, layout_loops_cross
D:2:      layout_basic, basic_ecumenical_altar, st_stairs_10, minmay_tromino_v7
D:3:      layout_loops_cross, amcnicky_altar_gilded,
          nicolae_qazlal_general_emergency, fountainhead, dk_noncrumbling_4,
          minmay_surrounded, uniq_sigmund, uniq_ijyb, uniq_natasha
D:4:      layout_loops_cross, lemuel_temple_firewalk_a, gammafunk_ghost_split,
          serial_shops, shop, minmay_divided_ellipse
D:5:      layout_rooms, gup_sewer_entry_bubbles, serial_shops,
          nicolae_stop_n_shop_2
D:6:      layout_rooms, gammafunk_ghost_split, minmay_crystal_water
D:7:      hangedman_cross_stitches, layout_basic, uniq_duvessa
D:8:      layout_loops_ring, nicolae_wwwww
D:9:      layout_cave_pools, gammafunk_ghost_grave, uniq_erolcha, uniq_maggie
Temple:   nicolae_temple_bog_church
Abyss:2:  base: D:6, kilobyte_mutagenic_chamber

Skill      XL: |  1  2  3  4  5  6  7  8  9 |
---------------+----------------------------+-----
Dodging        | 2 3 4 5 6 |  6.5
Fighting       | 1 2 3 5 7 |  7.9
Spellcasting   | 3 4 5 6 7 |  7.9
Summonings     | 4 5 6 |  6.5
Maces & Flails | 1 2 5 6 |  6.6
Stealth        | |  1.4

Action                     |  1- 3 |  4- 6 |  7- 9 | 10-12 || total
---------------------------+-------+-------+-------+-------++-------
  Melee: Unarmed           |    76 |       |       |       ||    76
         Punch             |     1 |     2 |     2 |     1 ||     6
         Mace              |    24 |       |       |       ||    24
         Club              |       |   102 |   326 |    51 ||   479
   Cast: Summon Small Mamm |     6 |       |       |       ||     6
         Call Imp          |     8 |     6 |    16 |     8 ||    38
         Call Canine Famil |     2 |    10 |    44 |    16 ||    72
         Summon Guardian G |       |       |     9 |     5 ||    14
  Evoke: Wand              |       |       |       |     2 ||     2
    Use: Scroll            |       |     9 |     2 |     2 ||    13
   Stab: Sleeping          |     1 |       |     4 |       ||     5
         Distracted        |     2 |     1 |       |       ||     3
 Armour: Robe              |    31 |    32 |    43 |    11 ||   117
  Dodge: Dodged            |    55 |    59 |   275 |    42 ||   431
